 Dungeon Crawl Stone Soup version 0.31.0-11-ge490571c62 (webtiles) character file.

Game seed: 624912321011878186

128 qw the Skirmisher (level 4, -4/25 HPs)
             Began as a Deep Elf Hunter on Feb 3, 2024.
             Slain by a scorpion (6 damage)
             ... on level 4 of the Dungeon.
             The game lasted 00:00:09 (2345 turns).

qw the Skirmisher (Deep Elf Hunter)                 Turns: 2345, Time: 00:00:09

Health: -4/25      AC:  7    Str: 16    XL:     4   Next: 86%
Magic:  6/6        EV: 11    Int: 14    God:
Gold:   66         SH:  0    Dex: 18    Spells: 3/3 levels left

rFire   . . .        a - +0 shortbow
rCold   . . .        (shield currently unavailable)
rNeg    . . .        d - +0 ring mail
rPois   .            (no helmet)
rElec   .            (no cloak)
rCorr   .            b - +1 pair of gloves
SInv    .            (no boots)
Will    .....        (no amulet)
Stlth   +            g - +6 ring of strength
HPRegen 0.24/turn    (no ring)
MPRegen 0.10/turn

%: no passive effects
@: lethally poisoned (-4 -> -10)
A: no striking features
a: no special abilities


You were on level 4 of the Dungeon.
You visited 1 branch of the dungeon, and saw 4 of its levels.

You collected 90 gold pieces.
You spent 24 gold pieces at shops.


   Skills:
 - Level 1.5 Fighting
 + Level 8.3 Ranged Weapons
 - Level 2.4 Dodging
 - Level 1.2 Stealth


You had 3 spell levels left.
You didn't know any spells.
Your spell library was empty.

Inventory:

Hand Weapons
 a - a +0 shortbow (weapon)
Armour
 b - a +1 pair of gloves (worn)
 d - a +0 ring mail (worn)
Jewellery
 g - a +6 ring of strength (left hand)
Scrolls
 c - 2 scrolls of identify
Potions
 i - 2 potions of curing

Dungeon Overview and Level Annotations

Branches:
Dungeon (4/15)
 Temple: D:4-7

Altars:
Ru

Shops:
D:2 ?


Message History

Waypoint 3 assigned to D:4.
A scorpion comes into view.
You shoot an arrow.
The arrow hits the scorpion but does no damage.
You shoot an arrow.
The arrow hits the scorpion but does no damage.
The scorpion barely misses you.
You shoot an arrow. The arrow hits the scorpion.
The scorpion is lightly wounded.
The scorpion closely misses you. The scorpion barely misses you.
You shoot an arrow. The arrow hits the scorpion.
The scorpion is moderately wounded.
The scorpion stings you.
You shoot an arrow. The arrow closely misses the scorpion.
The scorpion stings you.
You shoot an arrow. The arrow hits the scorpion.
The scorpion is heavily wounded.
The scorpion stings you.
You are poisoned.
The scorpion poisons you! The scorpion stings you.
You shoot an arrow. The arrow closely misses the scorpion.
You feel very sick. The scorpion stings you.
You are lethally poisoned!
The scorpion poisons you!
You shoot an arrow.
The arrow completely misses the scorpion.
You feel very sick.
The scorpion stings you but does no damage.
You shoot an arrow.
The arrow hits the scorpion but does no damage.
The scorpion is heavily wounded.
You feel very sick. The scorpion stings you.
You shoot an arrow. The arrow hits the scorpion.
The scorpion is severely wounded.
You feel sick.
The scorpion stings you but does no damage.
The scorpion stings you.
You die...

########
#.@....#
#s####.#
#.#..#.#
#.#....#
#.##.#######
#...........
####.#######
#.# #.#


You could see a scorpion.

Vanquished Creatures
  A hound (D:2)
  A gnoll (D:1)
  2 adders (D:3)
  4 dart slugs
  6 ball pythons
  An endoplasm (D:2)
  5 giant cockroaches
  3 goblins
  8 hobgoblins
  6 jackals
  3 quokkas
  6 bats
  3 frilled lizards (D:1)
  5 kobolds
  7 rats
61 creatures vanquished.

Notes
Turn   | Place    | Note
-------+----------+-------------------------------------------
     0 | D:1      | qw the Deep Elf Hunter began the quest for the Orb.
     0 | D:1      | Reached XP level 1. HP: 12/12 MP: 3/3
     0 | D:1      | 0 ||| qw: Version: 0.3-a-158-g18b3111
     0 | D:1      | 0 ||| qw: Game counter: 4239
     0 | D:1      | 0 ||| qw: Melee chars always use a shield: true
     0 | D:1      | 0 ||| qw: God list: Okawaru
     0 | D:1      | 0 ||| qw: Allow faded altars: false
     0 | D:1      | 0 ||| qw: Do Orc after clearing Dungeon:15 true
     0 | D:1      | 0 ||| qw: Do second Lair branch before Depths: true
     0 | D:1      | 0 ||| qw: Lair rune preference: random
     0 | D:1      | 0 ||| qw: Goals: Normal
     0 | D:1      | 0 ||| PLANNING D:1-11
    16 | D:1      | Reached skill level 6 in Ranged Weapons
    16 | D:1      | Reached XP level 2. HP: 16/16 MP: 4/4
   192 | D:1      | Reached XP level 3. HP: 20/20 MP: 5/5
   515 | D:1      | Reached skill level 7 in Ranged Weapons
   551 | D:1      | 551 ||| UPGRADING to +0 ring mail.
   561 | D:1      | 561 ||| DROPPING +0 leather armour.
   562 | D:1      | 562 ||| UPGRADING to +6 ring of strength.
   563 | D:1      | 563 ||| READING 2 scrolls labelled ANICU LIDUESI.
   563 | D:1      | 563 ||| IDENTIFYING pink potion
   564 | D:1      | 564 ||| READING scroll of identify.
   564 | D:1      | 564 ||| IDENTIFYING viscous coppery potion
   565 | D:1      | 565 ||| READING scroll labelled SEOMUH FYHAO.
   566 | D:1      | 566 ||| DROPPING scroll of butterflies.
   567 | D:1      | 567 ||| DROPPING potion of berserk rage.
   568 | D:1      | 568 ||| DROPPING potion of lignification.
   732 | D:2      | Found Hoetru's Magic Scroll Shop.
   736 | D:2      | 736 ||| BUYING scroll of identify (24 gold).
   736 | D:2      | Bought a scroll of identify for 24 gold pieces
   736 | D:2      | 736 ||| SHOPLISTING scroll of teleportation (36 gold, have
                  | 35).
   753 | D:2      | Identified the flux talisman of Udusead {rF+ Stlth+}
   834 | D:2      | Found a sacrificial altar of Ru.
   921 | D:2      | Reached XP level 4. HP: 25/25 MP: 6/6
  1612 | D:2      | 1612 ||| UPGRADING to +0 pair of gloves.
  1617 | D:2      | 1617 ||| READING scroll of identify.
  1617 | D:2      | 1617 ||| IDENTIFYING 2 black potions
  1618 | D:2      | 1618 ||| READING scroll labelled FIFULOG NOTOER.
  1619 | D:2      | 1619 ||| READING scroll labelled HONKUKH VOWNOX.
  1619 | D:2      | 1619 ||| ENCHANTING +0 pair of gloves.
  1621 | D:2      | 1621 ||| Stepping ~*~*~tactically~*~*~ (cloud).
  1622 | D:2      | 1622 ||| DRINKING 2 potions of curing.
  1622 | D:2      | 1622 ||| (to cure poison)
  1766 | D:3      | Reached skill level 8 in Ranged Weapons
  2280 | D:3      | 2280 ||| READING 3 scrolls of identify.
  2280 | D:3      | 2280 ||| IDENTIFYING scroll labelled GEAMEM AWUERIQ
  2281 | D:3      | 2281 ||| DROPPING scroll of vulnerability.
  2335 | D:4      | Noticed a scorpion
  2344 | D:4      | HP: 6/25 [poisoned by a scorpion]
  2345 | D:4      | HP: 2/25 [poisoned by a scorpion]
  2345 | D:4      | Slain by a scorpion

Levels and vault maps discovered:
D:1:      wander_arrival_chamber, layout_basic, nrook_mini_vaults
D:2:      mumra_celtic_spiral_tile, layout_basic, serial_shops, shop,
          basic_altar
D:3:      layout_basic
D:4:      layout_basic, minmay_temple_entry_statues_fountains, uniq_duvessa

Skill      XL: |  1  2  3  4 |
---------------+-------------+-----
Ranged Weapons | 6 7 8 |  8.3
Fighting       | |  1.5
Dodging        | |  2.4
Stealth        | |  1.2

Action                     |  1- 3 |  4- 6 || total
---------------------------+-------+-------++-------
   Fire: Shortbow          |   110 |    45 ||   155
    Use: Scroll            |     3 |     4 ||     7
         Potion            |       |     1 ||     1
 Armour: Leather armour    |     5 |       ||     5
         Ring mail         |     2 |    15 ||    17
  Dodge: Dodged            |    10 |    10 ||    20

Table legend:
 A = Non-vault XP
 B = Vault XP
 C = Vault XP percentage of total XP
 D = Non-vault monster count
 E = Vault monster count
 F = Vault count percentage of total count
                 A         B        C        D         E       F
            +---------+---------+-------+---------+---------+-------
      Total |     183 |       0 |   0.0 |      61 |       0 |   0.0
            +---------+---------+-------+---------+---------+-------
        D:1 |      67 |       0 |   0.0 |      32 |       0 |   0.0
        D:2 |      73 |       0 |   0.0 |      17 |       0 |   0.0
        D:3 |      43 |       0 |   0.0 |      12 |       0 |   0.0
            +---------+---------+-------+---------+---------+-------
